 Seeded DCSS version 0.29.1-1-gd02db6906a (webtiles) character file.

Game seed: 1050451780467462564 (custom seed)

14 GigaChad the Covered (level 2, -3/27 HPs)
             Began as a Minotaur Fighter on Sept 19, 2022.
             Slain by a quokka (4 damage)
             ... on level 1 of the Dungeon.
             The game lasted 00:01:27 (164 turns).

GigaChad the Covered (Minotaur Fighter)              Turns: 164, Time: 00:01:27

Health: -3/27      AC:  7    Str: 20    XL:     2   Next: 31%
Magic:  1/1        EV:  9    Int:  8    God:
Gold:   15         SH:  4    Dex:  9    Spells: 1/1 levels left

rFire   + + .      SeeInvis .   a - +0 long sword
rCold   x . .      Faith    .   c - +0 buckler
rNeg    . . .      Spirit   .   b - +0 scale mail
rPois   +          Reflect  .   (helmet restricted)
rElec   .          Harm     .   (no cloak)
rCorr   .          Rampage  .   (no gloves)
Will    .....                   (no boots)
Stlth   ..........              (no amulet)
HPRegen 0.09/turn               e - ring "Axigomaef" {Fly rPois rF++ rC- Int+3}
MPRegen 0.07/turn               (no ring)

@: flying
A: horns 2, retaliatory headbutt
a: no special abilities


You were on level 1 of the Dungeon.
You visited 1 branch of the dungeon, and saw 1 of its levels.

You collected 15 gold pieces.

Inventory:

Hand Weapons
 a - a +0 long sword (weapon)
Armour
 b - a +0 scale mail (worn)
 c - a +0 buckler (worn)
Jewellery
 e - the ring "Axigomaef" (left hand) {Fly rPois rF++ rC- Int+3}
   (You acquired it on level 1 of the Dungeon)

   [ring of poison resistance]

   Int:       It affects your intelligence (+3).
   rF:        It greatly protects you from fire.
   rC:        It makes you vulnerable to cold.
   rPois:     It protects you from poison.
   Fly:       It grants you flight.
 f - a ring of positive energy
Potions
 d - a potion of might


   Skills:
 + Level 3.9 Fighting
 + Level 2.5 Long Blades
 + Level 4.0 Armour
 + Level 3.9 Shields


You had one spell level left.
You didn't know any spells.
Your spell library was empty.

Dungeon Overview and Level Annotations

Branches:
Dungeon (1/15)

Altars:


Innate Abilities, Weirdness & Mutations

You have a pair of horns on your head.
You reflexively headbutt those who attack you in melee.


Message History

You closely miss the goblin. You headbutt the goblin.
The goblin is moderately wounded.
The jackal bites you but does no damage.
The quokka bites you but does no damage.
You block the endoplasm's attack. The goblin hits you but does no damage.
You block the dart slug's attack. You block the jackal's attack.
You slash the goblin!
You kill the goblin!
The quokka bites you but does no damage.
The endoplasm freezes you.
You are frozen.
You feel a terrible chill! The jackal barely misses you.
You block the quokka's attack. The dart slug launches a dart at you.
The slug dart hits you but does no damage.
The jackal barely misses you. The endoplasm freezes you.
You are frozen.
You feel a terrible chill!
Your Armour skill increases to level 4!
You slash the dart slug!
The dart slug is severely wounded.
The quokka barely misses you. The jackal bites you.
The endoplasm hits you but does no damage.
The quokka closely misses you. The dart slug barely misses you.
You hit the dart slug.
You kill the dart slug!
The jackal barely misses you. x2; The endoplasm hits you.
* * * LOW HITPOINT WARNING * * *
The quokka closely misses you.
Found 9 gold pieces.
The endoplasm freezes you.
You are frozen.
You feel a terrible chill!
* * * LOW HITPOINT WARNING * * *
The jackal closely misses you.
Things that are here:
a dart slug corpse; a jackal corpse You hit the endoplasm.
You kill the endoplasm!
The quokka closely misses you. The jackal closely misses you.
The quokka bites you.
You die...

#.# #.. ...##.#
$.#. # ........
......# #
................. #
....#.!##........
.# #...............
..#
##.#..........$..
.# ..#
........#.......
..## #..@#....#
##... ..#
#.rh.....#
#.....##..
#...)....#
..##.....#
##..††!..#
###..##..#
##....#####
.##...#..####....##
....#...###......#
....(...#...#....#
##........###....#


You could see a quokka and a jackal.

Vanquished Creatures
  A dart slug (D:1)
  3 bats (D:1)
  2 endoplasms (D:1)
  2 giant cockroaches (D:1)
  A goblin (D:1)
  A jackal (D:1)
  A kobold (D:1)
11 creatures vanquished.

Notes
Turn   | Place    | Note
-------+----------+-------------------------------------------
     0 | D:1      | GigaChad the Minotaur Fighter began the quest for the Orb.
     0 | D:1      | Reached XP level 1. HP: 19/19 MP: 0/0
     4 | D:1      | Identified a scroll of acquirement
     4 | D:1      | Acquired the ring "Axigomaef" {Fly rPois rF++ rC- Int+3}
   157 | D:1      | Reached XP level 2. HP: 17/27 MP: 1/1
   161 | D:1      | Reached skill level 4 in Armour
   163 | D:1      | HP: 1/27 [frozen (6)]
   164 | D:1      | Slain by a quokka

Illustrated notes

Levels and vault maps discovered:
D:1:      nicolae_arrival_memento_mori, layout_rooms, minmay_crystal_water

Skill      XL: |  1  2 |
---------------+-------+-----
Armour         | 4 |  4.0
Fighting       | |  3.9
Long Blades    | |  2.5
Shields        | |  3.9

Action                   || total
-------------------------++-------
Melee: Long sword        ||    25
       Headbutt          ||     3
  Use: Scroll            ||     1
Armor: Scale mail        ||    50
Dodge: Dodged            ||    40
Block: Buckler           ||    15
